AZL
LOS ANGELES N (AZL) DODGERS @ ARIZONA (AZL) DIAMONDBACKS
08/12/2099
 
TOP OF THE 1ST
Los Angeles N (AZL) Dodgers batting - Pitching for Arizona (AZL) Diamondbacks : RHP Justin Baranello
Pitching: RHP Justin Baranello
Batting: LHB Chris Stewart 0-0: Ground out U3 (Groundball, 3L, EV 84.4 MPH)
Batting: RHB Brenden Fleming 0-0: Ball
1-0: Ball
2-0: Ball
3-0: Called Strike
3-1: Swinging Strike
3-2: DOUBLE (Line Drive, 89D, EV 106.9 MPH) - OUT at third base trying to stretch hit.
Batting: LHB Alberto Fernandez 0-0: Called Strike
0-1: Swinging Strike
0-2: Ball
1-2: DOUBLE (Groundball, 3L, EV 104.4 MPH)
Batting: SHB Joe Helle 0-0: Called Strike
0-1: Ball
1-1: SINGLE (Groundball, 4D, EV 100.6 MPH)
Alberto Fernandez to third
Runner from 3rd tries for Home, SAFE, throw by RF to home
Joe Helle to second
Batting: LHB Laurent Chéron 0-0: Swinging Strike
0-1: Ball
1-1: Swinging Strike
1-2: Strikes out swinging
Top of the 1st over - 1 run, 3 hits, 0 errors, 1 left on base; Los Angeles N (AZL) 1 - Arizona (AZL) 0
BOTTOM OF THE 1ST
Arizona (AZL) Diamondbacks batting - Pitching for Los Angeles N (AZL) Dodgers : RHP Luis Ramirez
Pitching: RHP Luis Ramirez
Batting: RHB Javier Pacheco 0-0: Ball
1-0: Ball
2-0: Ball
3-0: Called Strike
3-1: Called Strike
3-2: Foul Ball, location: 2F
3-2: Base on Balls
Batting: LHB David Segel 0-0: Ball
1-0: Called Strike
1-1: Ball
2-1: Foul Ball, location: 7LMF
2-2: Fly out, F9 (Flyball, 89D, EV 90.6 MPH)
Batting: RHB Justin Baranello 0-0: Foul Ball, location: 3F
0-1: Ball
1-1: Ground out 5-3 (Groundball, 56S, EV 68.1 MPH)
Javier Pacheco to second
Batting: LHB Richard Alvarado 0-0: Ball
1-0: Called Strike
1-1: Foul Ball, location: 7LDF
1-2: Ball
2-2: Foul Ball, location: 2F
2-2: Ball
3-2: Fly out, F7 (Flyball, 7D, EV 103.1 MPH)
Bottom of the 1st over - 0 runs, 0 hits, 0 errors, 1 left on base; Los Angeles N (AZL) 1 - Arizona (AZL) 0
TOP OF THE 2ND
Los Angeles N (AZL) Dodgers batting - Pitching for Arizona (AZL) Diamondbacks : RHP Justin Baranello
Batting: RHB Abraham Castro 0-0: Swinging Strike
0-1: Ball
1-1: Ball
2-1: Swinging Strike
2-2: Strikes out swinging
Batting: LHB Mac Reichert 0-0: Fly out, F9 (Line Drive, 89M, EV 106.9 MPH)
Batting: LHB David Herrera 0-0: SINGLE (Line Drive, 8LS, EV 103.8 MPH)
Batting: SHB Tony Morales 0-0: Called Strike
0-1: Swinging Strike
0-2: Ball
1-2: Ball
2-2: Fly out, F8 (Flyball, 8LD, EV 108.1 MPH)
Top of the 2nd over - 0 runs, 1 hit, 0 errors, 1 left on base; Los Angeles N (AZL) 1 - Arizona (AZL) 0
BOTTOM OF THE 2ND
Arizona (AZL) Diamondbacks batting - Pitching for Los Angeles N (AZL) Dodgers : RHP Luis Ramirez
Batting: RHB Angelo Guerra 0-0: Called Strike
0-1: Ball
1-1: SOLO HOME RUN (Flyball, 9D, EV 96.9 MPH), Distance : 377 ft
Batting: RHB Matt Lancaster 0-0: Called Strike
0-1: Foul Ball, location: 2F
0-2: Strikes out swinging
Batting: SHB Cody Allen 0-0: Fly out, F9 (Flyball, 9D, EV 87.5 MPH)
Batting: LHB Merrill Wahl 0-0: Called Strike
0-1: Foul Ball, location: 25F
0-2: Ball
1-2: Ball
2-2: Foul Ball, location: 9LSFF
2-2: Ball
3-2: Base on Balls
Batting: SHB Miguel Guel 0-0: Ground out 1-3 (Groundball, 15S, EV 66.3 MPH)
Bottom of the 2nd over - 1 run, 1 hit, 0 errors, 1 left on base; Los Angeles N (AZL) 1 - Arizona (AZL) 1
TOP OF THE 3RD
Los Angeles N (AZL) Dodgers batting - Pitching for Arizona (AZL) Diamondbacks : RHP Justin Baranello
Batting: LHB Chris Stewart 0-0: Ball
1-0: Called Strike
1-1: Called Strike
1-2: Strikes out looking
Batting: RHB Brenden Fleming 0-0: Ball
1-0: Ball
2-0: Ground out 4-3 (Groundball, 34, EV 80.6 MPH)
Batting: LHB Alberto Fernandez 0-0: Ball
1-0: Ball
2-0: Swinging Strike
2-1: Called Strike
2-2: Foul Ball, location: 25F
2-2: Strikes out swinging
Top of the 3rd over - 0 runs, 0 hits, 0 errors, 0 left on base; Los Angeles N (AZL) 1 - Arizona (AZL) 1
BOTTOM OF THE 3RD
Arizona (AZL) Diamondbacks batting - Pitching for Los Angeles N (AZL) Dodgers : RHP Luis Ramirez
Batting: RHB Javier Pacheco 0-0: Ball
1-0: Swinging Strike
1-1: Called Strike
1-2: Strikes out looking
Batting: LHB David Segel 0-0: Called Strike
0-1: Ball
1-1: Foul Ball, location: 2F
1-2: Ball
2-2: Fly out, F9 (Flyball, 9S, EV 89.4 MPH)
Batting: RHB Justin Baranello 0-0: Ball
1-0: Foul Ball, location: 7LSFF
1-1: Ball
2-1: Called Strike
2-2: Ball
3-2: Strikes out swinging
Bottom of the 3rd over - 0 runs, 0 hits, 0 errors, 0 left on base; Los Angeles N (AZL) 1 - Arizona (AZL) 1
TOP OF THE 4TH
Los Angeles N (AZL) Dodgers batting - Pitching for Arizona (AZL) Diamondbacks : RHP Justin Baranello
Batting: SHB Joe Helle 0-0: Ball
1-0: Foul Ball, location: 2F
1-1: Ball
2-1: Ground out 6-3 (Groundball, 6, EV 105.0 MPH)
Batting: LHB Laurent Chéron 0-0: Swinging Strike
0-1: Foul Ball, location: 7LMF
0-2: Strikes out looking
Batting: RHB Abraham Castro 0-0: Foul Ball, location: 2F
0-1: Called Strike
0-2: Strikes out swinging
Top of the 4th over - 0 runs, 0 hits, 0 errors, 0 left on base; Los Angeles N (AZL) 1 - Arizona (AZL) 1
BOTTOM OF THE 4TH
Arizona (AZL) Diamondbacks batting - Pitching for Los Angeles N (AZL) Dodgers : RHP Luis Ramirez
Batting: LHB Richard Alvarado 0-0: Called Strike
0-1: Foul Ball, location: 3FF
0-2: Foul Ball, location: 23FF
0-2: Ball
1-2: Foul Ball, location: 7LSF
1-2: Strikes out swinging
Batting: RHB Angelo Guerra 0-0: Swinging Strike
0-1: Ball
1-1: Called Strike
1-2: Fly out, F7 (Flyball, 78S, EV 91.9 MPH)
Batting: RHB Matt Lancaster 0-0: Ball
1-0: Ball
2-0: Foul Ball, location: 2F
2-1: Swinging Strike
2-2: Strikes out swinging
Bottom of the 4th over - 0 runs, 0 hits, 0 errors, 0 left on base; Los Angeles N (AZL) 1 - Arizona (AZL) 1
TOP OF THE 5TH
Los Angeles N (AZL) Dodgers batting - Pitching for Arizona (AZL) Diamondbacks : RHP Justin Baranello
Batting: LHB Mac Reichert 0-0: Foul Ball, location: 7LMF
0-1: Ball
1-1: Ball
2-1: Foul Ball, location: 3F
2-2: Ball
3-2: Strikes out looking
Batting: LHB David Herrera 0-0: Ball
1-0: SINGLE (Flyball, 8LS, EV 98.8 MPH)
Batting: SHB Tony Morales 0-0: Called Strike
0-1: Fly out, F8 (Flyball, 8RS, EV 75.0 MPH)
Batting: LHB Chris Stewart 0-0: Ball
1-0: Called Strike
1-1: Foul Ball, location: 2F
1-2: Foul Ball, location: 25F
1-2: Strikes out swinging
Top of the 5th over - 0 runs, 1 hit, 0 errors, 1 left on base; Los Angeles N (AZL) 1 - Arizona (AZL) 1
BOTTOM OF THE 5TH
Arizona (AZL) Diamondbacks batting - Pitching for Los Angeles N (AZL) Dodgers : RHP Luis Ramirez
Batting: SHB Cody Allen 0-0: SINGLE (Flyball, 89S, EV 93.8 MPH)
Batting: LHB Merrill Wahl 0-0: Ball
1-0: Ground out 6-3 (Groundball, 6D, EV 108.8 MPH)
Cody Allen to second
Batting: SHB Miguel Guel 0-0: Ball
1-0: Ground out 4-3 (Groundball, 4, EV 92.5 MPH)
Cody Allen to third
Batting: RHB Javier Pacheco 0-0: Ball
1-0: Ball
2-0: Ball
3-0: Base on Balls
Batting: LHB David Segel 0-0: Ball
1-0: Ball
2-0: Ball
3-0: Base on Balls
Javier Pacheco to second
Pitching: RHP Luke Wassink
Batting: RHB Justin Baranello 0-0: Ball
1-0: Foul Ball, location: 7LMF
1-1: Ball
2-1: Ball
3-1: Foul Ball, location: 9LSF
3-2: Strikes out swinging
Bottom of the 5th over - 0 runs, 1 hit, 0 errors, 3 left on base; Los Angeles N (AZL) 1 - Arizona (AZL) 1
TOP OF THE 6TH
Los Angeles N (AZL) Dodgers batting - Pitching for Arizona (AZL) Diamondbacks : RHP Justin Baranello
Batting: RHB Brenden Fleming 0-0: Ball
1-0: Swinging Strike
1-1: SINGLE (Line Drive, 4MD, EV 101.3 MPH)
Batting: LHB Alberto Fernandez 0-0: Called Strike
0-1: Ball
1-1: SINGLE (Line Drive, 6MD, EV 95.0 MPH)
Brenden Fleming to second
Batting: SHB Joe Helle 0-0: Called Strike
0-1: Ball
1-1: Ball
2-1: Swinging Strike
2-2: Foul Ball, location: 25F
2-2: Foul Ball, location: 5F
2-2: Strikes out swinging
Batting: LHB Laurent Chéron 0-0: Ball
1-0: Foul Ball, location: 9LSF
1-1: Ball
2-1: Foul Ball, location: 2F
2-2: Foul Ball, location: 2F
2-2: SINGLE (Groundball, 4MD, EV 105.0 MPH)
Brenden Fleming to third
Alberto Fernandez to second
Runner from 3rd tries for Home, SAFE, throw by CF to home
Batting: RHB Abraham Castro 0-0: Ball
1-0: Fly out, F7 (Flyball, 7LM, EV 110.0 MPH)
Batting: LHB Mac Reichert 0-0: Swinging Strike
0-1: Ball
1-1: Fly out, F7 (Flyball, 7D, EV 105.0 MPH)
Top of the 6th over - 1 run, 3 hits, 0 errors, 2 left on base; Los Angeles N (AZL) 2 - Arizona (AZL) 1
BOTTOM OF THE 6TH
Arizona (AZL) Diamondbacks batting - Pitching for Los Angeles N (AZL) Dodgers : RHP Luke Wassink
Batting: LHB Richard Alvarado 0-0: Ball
1-0: Foul Ball, location: 9LMFF
1-1: Fly out, F9 (Line Drive, 9LM, EV 88.1 MPH)
Pinch Hitting: SHB Eric Meek 0-0: Ground out U3 (Groundball, 3L, EV 93.8 MPH)
Pinch Hitting: RHB Chris Rogers Jr. 0-0: Called Strike
0-1: Ball
1-1: Ball
2-1: Foul Ball, location: 2F
2-2: Ball
3-2: Base on Balls
Batting: SHB Cody Allen 0-0: Ball
1-0: Fly out, F3 (Popup, 34S, EV 85.0 MPH)
Bottom of the 6th over - 0 runs, 0 hits, 0 errors, 1 left on base; Los Angeles N (AZL) 2 - Arizona (AZL) 1
TOP OF THE 7TH
Los Angeles N (AZL) Dodgers batting - Pitching for Arizona (AZL) Diamondbacks : RHP Justin Baranello
Now at 1B: Chris Rogers Jr.
Now at 2B: Rafael Rivera
Batting: LHB David Herrera 0-0: Ground out 4-3 (Groundball, 34, EV 84.4 MPH)
Batting: SHB Tony Morales 0-0: Foul Ball, location: 3F
0-1: Ground out 1-3 (Groundball, 15, EV 75.6 MPH)
Batting: LHB Chris Stewart 0-0: Called Strike
0-1: Ball
1-1: Ground out 5-3 (Groundball, 56, EV 86.3 MPH)
Top of the 7th over - 0 runs, 0 hits, 0 errors, 0 left on base; Los Angeles N (AZL) 2 - Arizona (AZL) 1
BOTTOM OF THE 7TH
Arizona (AZL) Diamondbacks batting - Pitching for Los Angeles N (AZL) Dodgers : RHP Luke Wassink
Batting: LHB Merrill Wahl 0-0: Called Strike
0-1: Swinging Strike
0-2: Ball
1-2: Strikes out swinging
Batting: SHB Miguel Guel 0-0: Ground out 6-3 (Groundball, P, EV 93.1 MPH)
Pinch Hitting: RHB Ricky Valdez 0-0: Foul Ball, location: 2F
0-1: Foul Ball, location: 9LMF
0-2: Ball
1-2: Ball
2-2: Ball
3-2: Foul Ball, location: 9LDF
3-2: Fly out, F8 (Line Drive, 8RM, EV 102.5 MPH)
Bottom of the 7th over - 0 runs, 0 hits, 0 errors, 0 left on base; Los Angeles N (AZL) 2 - Arizona (AZL) 1
TOP OF THE 8TH
Los Angeles N (AZL) Dodgers batting - Pitching for Arizona (AZL) Diamondbacks : RHP Justin Baranello
Now at 3B: Ricky Valdez
Batting: RHB Brenden Fleming 0-0: Swinging Strike
0-1: Swinging Strike
0-2: Strikes out swinging
Batting: LHB Alberto Fernandez 0-0: Ball
1-0: Swinging Strike
1-1: Ball
2-1: Called Strike
2-2: SINGLE (Groundball, 23, EV 76.9 MPH) (infield hit)
Batting: SHB Joe Helle 0-0: Called Strike
0-1: Ball
1-1: Ball
2-1: Fly out, F8 (Flyball, 8RD, EV 108.1 MPH)
Batting: LHB Laurent Chéron 0-0: Called Strike
Alberto Fernandez steals 2nd base
0-1: SINGLE (Line Drive, 8RS, EV 104.4 MPH)
Alberto Fernandez to third
Runner from 3rd tries for Home, SAFE, throw by CF to home
Batting: RHB Abraham Castro 0-0: Foul Ball, location: 2F
0-1: Ball
1-1: Ground out 4-3 (Groundball, 34S, EV 86.3 MPH)
Top of the 8th over - 1 run, 2 hits, 0 errors, 1 left on base; Los Angeles N (AZL) 3 - Arizona (AZL) 1
BOTTOM OF THE 8TH
Arizona (AZL) Diamondbacks batting - Pitching for Los Angeles N (AZL) Dodgers : RHP Luke Wassink
Pitching: LHP Tim Berardelli
Batting: LHB David Segel 0-0: Ball
1-0: Ball
2-0: Swinging Strike
2-1: Ball
3-1: Called Strike
3-2: Foul Ball, location: 2F
3-2: SOLO HOME RUN (Flyball, 7LD, EV 90.6 MPH), Distance : 346 ft
Pitching: RHP Tony Romero
Batting: RHB Justin Baranello 0-0: Foul Ball, location: 3DF
0-1: Ball
1-1: Ball
2-1: Ball
3-1: Ground out 6-3 (Groundball, 6, EV 93.1 MPH)
Pinch Hitting: SHB Daniel Richardson 0-0: Foul Ball, location: 2F
0-1: Swinging Strike
0-2: SINGLE (Line Drive, 8LS, EV 108.1 MPH)
Pinch Hitting: LHB Emilio Ramos 0-0: Ball
1-0: Called Strike
1-1: Called Strike
1-2: Ball
2-2: TRIPLE (Flyball, 9LD, EV 105.0 MPH)
Daniel Richardson scores
Batting: RHB Chris Rogers Jr. 0-0: Ball
1-0: Ball
2-0: Ball
3-0: Called Strike
3-1: Called Strike
3-2: Base on Balls
Batting: SHB Cody Allen 0-0: Called Strike
0-1: Foul Ball, location: 7LMF
0-2: Strikes out looking
Pinch Hitting: RHB Juan Molina 0-0: Called Strike
0-1: Foul Ball, location: 2F
0-2: Fly out, F7 (Flyball, 7S, EV 79.4 MPH)
Bottom of the 8th over - 2 runs, 3 hits, 0 errors, 2 left on base; Los Angeles N (AZL) 3 - Arizona (AZL) 3
TOP OF THE 9TH
Los Angeles N (AZL) Dodgers batting - Pitching for Arizona (AZL) Diamondbacks : RHP Justin Baranello
Now at 2B: Juan Salinas
Now in LF: Jose Guerrero
Now in CF: Brent Porter
Batting: RHB Jay Ford 0-0: Ball
1-0: SINGLE (Groundball, 6MD, EV 93.8 MPH)
Pinch Hitting: RHB Carlos Sanchez 0-0: SINGLE (Line Drive, 7LS, EV 91.9 MPH)
Jay Ford to second
Pinch Hitting: RHB Diego Melis 0-0: Called Strike
0-1: Called Strike
0-2: Ball
1-2: Strikes out swinging
Batting: LHB Chris Stewart 0-0: Ball
1-0: Ball
2-0: SINGLE (Line Drive, 4MD, EV 100.6 MPH)
Jay Ford to third
Carlos Sanchez to second
Runner from 3rd tries for Home, SAFE, throw by CF to home
Batting: RHB Brenden Fleming 0-0: Ball
1-0: Fly out, F9 (Flyball, 89S, EV 83.1 MPH)
Batting: LHB Alberto Fernandez 0-0: Foul Ball, location: 9LMF
0-1: Ball
1-1: Fly out, F8 (Line Drive, 89M, EV 101.9 MPH)
Top of the 9th over - 1 run, 3 hits, 0 errors, 2 left on base; Los Angeles N (AZL) 4 - Arizona (AZL) 3
BOTTOM OF THE 9TH
Arizona (AZL) Diamondbacks batting - Pitching for Los Angeles N (AZL) Dodgers : RHP Tony Romero
Pitching: LHP Alex Casanova
Now at C: Matt O'Neill
Now at 2B: Diego Melis
Now in RF: Jared Heims
Pinch Hitting: RHB Ezequiel Bos 0-0: Ball
1-0: Ball
2-0: Ground out 6-3 (Groundball, 56, EV 101.3 MPH)
Batting: RHB Ricky Valdez 0-0: Called Strike
0-1: Ground out 4-3 (Groundball, 4, EV 100.0 MPH)
Pinch Hitting: RHB Roberto Urenda 0-0: Called Strike
0-1: Ball
1-1: Ground out 6-3 (Groundball, 56, EV 91.9 MPH)
Bottom of the 9th over - 0 runs, 0 hits, 0 errors, 0 left on base; Los Angeles N (AZL) 4 - Arizona (AZL) 3
Tuesday, May 14th , 2024 - OOTP Baseball 24.11 Build 85